 Dungeon Crawl Stone Soup version 0.30.0-16-gbe6223bb7e (webtiles) character file.

Game seed: 2595691094009793827

85672 NateTC the Marksspriggan (level 15, -3/85 HPs)
             Began as a Spriggan Hunter on May 20, 2023.
             Was an Initiate of Gozag.
             Killed by the air
             ... invoked by a wind drake
              (11 damage)
             ... on level 2 of the Shoals.
             The game lasted 01:16:21 (24039 turns).

NateTC the Marksspriggan (Spriggan Hunter)         Turns: 24039, Time: 01:16:22

Health: -3/85      AC:  9    Str:  7    XL:     15   Next: 38%
Magic:  16/16      EV: 55    Int: 12    God:    Gozag
Gold:   1722       SH:  0    Dex: 25    Spells: 10/14 levels left

rFire   . . .        a - +3 arbalest (heavy)
rCold   . . .        (shield currently unavailable)
rNeg    . . .        v - +2 robe {Will+}
rPois   .            z - +2 hat
rElec   .            h - +2 cloak {Will+}
rCorr   .            (gloves unavailable)
SInv    +            (boots unavailable)
Will    ++++.        y - amulet of the acrobat
Stlth   ++++++       k - ring of flight
HPRegen 0.34/turn    T - +5 ring of evasion
MPRegen 0.15/turn

%: acrobat
@: acrobatic, flying, very quick
A: very small, no large weapons, unfitting armour, see invisible, speed 3
a: Renounce Religion, Potion Petition, Call Merchant, Bribe Branch


You were on level 2 of the Shoals.
You worshipped Gozag.
Gozag was most pleased with you.
You visited 4 branches of the dungeon, and saw 23 of its levels.
You also visited: Sewer and Bailey.

You collected 6440 gold pieces.
You spent 283 gold pieces at shops.
You paid 4435 gold pieces to Gozag.

Inventory:

Hand Weapons
 a - a +3 heavy arbalest (weapon)
 b - the +6 rapier of the Forest {elec, MP+9 Str-5 Int+2 Dex+3}
   (You found it in a sewer)

   Str:       It affects your strength (-5).
   Int:       It affects your intelligence (+2).
   Dex:       It affects your dexterity (+3).
   MP:        It affects your magic capacity (+9).
 U - the +8 sling "Baack" {drain, Int+3}
   (You bought it in a shop on level 9 of the Dungeon)

   Int:       It affects your intelligence (+3).
Armour
 h - a +2 cloak of willpower (worn)
 v - a +2 robe of willpower (worn)
 z - a +2 hat (worn)
Jewellery
 d - a +4 ring of protection
 k - a ring of flight (left hand)
 p - a +6 ring of dexterity
 y - an amulet of the acrobat (around neck)
 N - a +6 ring of intelligence
 S - a ring of positive energy
 T - a +5 ring of evasion (right hand)
Wands
 c - a wand of mindburst (9)
 x - a wand of iceblast (38)
 B - a wand of charming (13)
 M - a wand of light (1)
 O - a wand of flame (26)
Scrolls
 f - 18 scrolls of teleportation
 g - 4 scrolls of poison
 j - 3 scrolls of fog
 l - 5 scrolls of amnesia
 o - a scroll of silence
 r - 6 scrolls of fear
 w - 6 scrolls of immolation
 A - 3 scrolls of magic mapping
 E - 4 scrolls of blinking
 P - 7 scrolls of identify
 Q - 3 scrolls of enchant armour
 R - 2 scrolls of vulnerability
Potions
 e - 2 potions of cancellation
 i - 3 potions of invisibility
 m - 3 potions of attraction
 n - 4 potions of heal wounds
 q - a potion of brilliance
 s - 11 potions of curing
 t - 6 potions of flight
 u - 7 potions of lignification
 F - 3 potions of magic
 G - 3 potions of might
 H - a potion of berserk rage
 K - a potion of haste
Miscellaneous
 C - a phantom mirror
 D - a box of beasts
 J - a lightning rod (4/4)


   Skills:
 - Level 12.7 Fighting
 * Level 16.9 Ranged Weapons
 - Level 16.1 Dodging
 - Level 15.0 Stealth
 - Level 2.0 Summonings
 - Level 2.0 Ice Magic
 - Level 7.2 Evocations


You had 10 spell levels left.
You knew the following spells:

 Your Spells              Type           Power      Damage    Failure   Level
a - Summon Ice Beast      Ice/Summ       5%         N/A       80%         4

Your spell library contained the following spells:

 Spells                   Type           Power      Damage    Failure   Level
 Kiss of Death            Conj/Necr      0%         2d5       32%         1
 Slow                     Hex            0%         N/A       32%         1
 Ensorcelled Hibernation  Hex/Ice        4%         N/A       32%         2
 Frozen Ramparts          Ice            10%        1d2       38%         3
 Ozocubu's Armour         Ice            5%         N/A       38%         3
 Static Discharge         Conj/Air       0%         2-2/arc   45%         2
 Confusing Touch          Hex            0%         N/A       69%         3
 Spider Form              Tmut/Pois      0%         N/A       69%         3
 Vampiric Draining        Necr           0%         2d6       69%         3
 Ice Form                 Ice/Tmut       2%         N/A       91%         4
 Summon Lightning Spire   Summ/Air       2%         N/A       91%         4
 Airstrike                Air            0%         2d(0-16)  97%         4
 Anguish                  Hex/Necr       0%         N/A       97%         4
 Cause Fear               Hex            0%         N/A       97%         4
 Dispel Undead            Necr           0%         3d6       97%         4
 Passage of Golubria      Tloc           0%         N/A       97%         4
 Silence                  Hex/Air        0%         N/A       100%        5
 Dragon Form              Tmut           0%         N/A       100%        7
 Ozocubu's Refrigeration  Ice            2%         4d8       100%        7
 Lehudib's Crystal Spear  Conj/Erth      0%         10d2      100%        8
 Dragon's Call            Summ           2%         N/A       100%        9
 Polar Vortex             Ice            2%         N/A       100%        9
 Simulacrum               Ice/Necr       Unusable   N/A       N/A         6

Dungeon Overview and Level Annotations

Branches:
Dungeon (15/15) Zot: 25067  Temple (1/1) D:4 Zot: 5988    Lair (5/5) D:11 Zot: 24763
 Shoals (2/4) Lair:2 Zot: 10284  Spider (0/4) Lair:2        Slime (0/5) Lair:4
    Orc (0/2) D:10         Vaults (0/5) D:13         Depths (0/4) D:15
  Sewer (visited)          Bailey (visited)

Altars:
Ashenzari
Dithmenos
Fedhas
Gozag
Hepliaklqana
Kikubaaqudgha
Nemelex Xobeh
Okawaru
Qazlal
Sif Muna
Trog
Uskayaw
Vehumet
Wu Jian
Xom
Yredelemnul
Zin
The Shining One
Jiyva

Shops:
D:7 !   D:8 (   D:9 (   D:10 [   D:14 ((   Lair:5 [   Shoals:1 (   Shoals:2 (

Portals:
Trove: D:12 (show abyssal rune of Zot)

Annotations:
D:2 1 runed translucent door, Crazy Yiuf
Shoals:2 Ilsuiw


Innate Abilities, Weirdness & Mutations

You are very small and have problems with some larger weapons.
You are too small for most types of armour.
You have supernaturally acute eyesight. (SInv)
You cover ground extremely quickly. (Speed+++)


Message History

The manticore flicks its tail.
The volley of spikes misses you.
There is a stone staircase leading up, spattered with blood here.
You shoot a bolt. The bolt barely misses the wind drake.
The bolt hits the manticore!
The manticore is moderately wounded.
The wind drake exhales a fierce blast of wind!
You are knocked back by the gust of wind.
Found 17 gold pieces, a scroll of magic mapping and a scroll of fog.
You shoot a bolt. The bolt closely misses the wind drake.
The manticore flicks its tail.
The volley of spikes misses you.
You shoot a bolt. The bolt hits the wind drake!!
The wind drake is heavily wounded.
The manticore flicks its tail.
The volley of spikes misses you.
The manticore flicks its tail.
The volley of spikes misses you.
The wind drake exhales a fierce blast of wind!
You are knocked back by the gust of wind.
You collide with the manticore!
The manticore is moderately wounded.
A merfolk comes into view. It is wielding a +0 trident.
The merfolk shouts!
You shoot a bolt. The bolt hits the manticore!
The manticore is heavily wounded.
The wind drake flaps its wings at you. The air twists around and strikes you!!
The manticore completely misses you. The manticore claws you.
The manticore completely misses you. The wind drake flaps its wings at you.
The air twists around and strikes you! The manticore bites you!!
* * * LOW HITPOINT WARNING * * *
The manticore claws you.
* * * LOW HITPOINT WARNING * * *
The manticore misses you.
Okay, then.
The wind drake flaps its wings at you. The air twists around and strikes you!
You die...
Your body crumbles into a pile of gold.

~≈≈≈≈≈≈≈≈≈≈≈≈≈≈≈≈~...####
~~≈≈≈≈≈≈≈≈≈≈≈≈≈≈≈~~.....#
~~≈≈≈≈≈≈≈≈≈≈≈≈≈≈≈~~~....##
~≈≈≈≈≈≈≈≈≈≈≈≈≈≈≈~~~~?..?.#
~≈≈≈≈≈≈≈≈≈≈≈≈≈≈≈~~.$m..~~~
~≈≈≈≈≈≈≈≈≈≈≈≈≈≈≈~~H....~~~
~≈≈≈≈≈≈≈≈≈≈≈≈≈≈≈≈≈≈~...~~~
≈≈≈≈≈≈≈≈≈≈≈≈≈≈≈≈≈≈≈~.k.~~~
~≈≈≈≈≈≈≈≈≈≈≈≈≈≈≈@≈≈~~.~~m~
~~≈≈≈≈≈≈≈≈≈≈≈≈≈≈≈k~~~.~~~~
~~~~≈≈≈≈≈≈≈≈≈≈≈≈≈~~~...~~~
~~ ~~≈≈≈~~~~H....~~~ .~
~~~~~~~~~~.##..~~ ..
~~~~~~~~~<..#.~~~ ..
≈≈≈~~~~~~~.~~≈≈~~ ..
~~~~~~~~~~~~≈≈~~~ ..
~~~$~..~~~~....


You could see 2 wind drakes, a merfolk and 2 manticores.

Vanquished Creatures
  Jorgrun (D:15)
  Frances (D:14)
  An emperor scorpion (D:15)
  Snorg (D:11)
  2 merfolk impalers (Shoals:1)
  5 hydras
  2 ogre magi
  3 boulder beetles
  7 two-headed ogres
  A catoblepas (D:15)
  7 centaur warriors
  3 merfolk avatars (Shoals:1)
  4 tengu warriors
  4 death yaks (Lair:5)
  Amaemon (Lair:2)
  Sonja (D:12)
  6 skeletal warriors
  3 sea snakes
  A goliath frog (Lair:5)
  2 skysharks
  A wizard (D:15)
  An orc knight (Bailey)
  3 deep elf pyromancers
  3 oklob plants (Lair:4)
  8 fauns (Shoals:1)
  3 wolf spiders
  3 cyclopes
  5 manticores
  8 ugly things
  A black mamba (shapeshifter) (D:15)
  7 black mambas
  4 merfolk sirens
  3 water nymphs (Shoals:1)
  An orange demon (Lair:2)
  21 cane toads
  2 unseen horrors
  9 komodo dragons
  A komodo dragon (shapeshifter) (D:14)
  2 efreet
  A yaktaur (shapeshifter) (D:15)
  A tengu conjurer (D:15)
  3 merfolk
  2 trolls
  A tyrant leech (Lair:5)
  2 wind drakes (Shoals:1)
  4 snapping turtles
  14 blink frogs (Lair:5)
  Sigmund (D:2)
  A culicivora (Lair:2)
  A water elemental (Shoals:1)
  A culicivora (shapeshifter) (D:15)
  2 wyverns (Lair:3)
  4 slime creatures
  2 wraiths
  A vampire (D:12)
  40 yaks
  2 steam dragons (D:8)
  12 basilisks
  2 redbacks (Lair:2)
  4 wargs (D:10)
  9 vampire mosquitoes
  5 water moccasins
  An acid dragon (D:14)
  Duvessa (D:6)
  3 sky beasts
  4 orc warriors
  A black bear (D:6)
  An ogre (D:7)
  3 wolves (Lair:3)
  3 boggarts (D:14)
  6 centaurs
  2 phantoms (D:6)
  2 kobold brigands
  2 scorpions
  6 gnoll sergeants
  11 bullfrogs
  5 wights (D:7)
  Dowan (D:6)
  3 killer bees (D:8)
  11 howler monkeys
  9 electric eels
  3 jellies
  A lava snake (D:13)
  A gnoll bouda (D:8)
  3 hounds
  3 orc priests
  2 iguanas
  Natasha (twice) (D:2)
  A sleepcap (D:6)
  11 orc wizards
  A sickly merfolk siren (Sewer)
  A malarious merfolk avatar (Sewer)
  30 gnolls
  10 adders
  A river rat (Sewer)
  2 white imps
  3 dart slugs
  45 orcs
  16 ball pythons
  4 endoplasms
  6 giant cockroaches
  10 goblins
  8 hobgoblins
  12 kobolds
  2 quokkas
  6 bats
  5 frilled lizards
  30 rats
551 creatures vanquished.

Vanquished Creatures (collateral kills)
  A merfolk (Shoals:2)
1 creature vanquished.

Grand Total: 552 creatures vanquished

Notes
Turn   | Place    | Note
-------+----------+-------------------------------------------
     0 | D:1      | NateTC the Spriggan Hunter began the quest for the Orb.
     0 | D:1      | Reached XP level 1. HP: 10/10 MP: 2/2
   361 | D:1      | Reached XP level 2. HP: 14/14 MP: 3/3
  1007 | D:2      | Reached XP level 3. HP: 17/18 MP: 4/4
  1024 | D:2      | Found a faded altar of an unknown god.
  1048 | D:2      | Noticed Sigmund
  1063 | D:2      | Killed Sigmund
  1064 | D:2      | Reached XP level 4. HP: 10/22 MP: 5/5
  1064 | D:2      | Reached XP level 5. HP: 11/25 MP: 6/6
  1183 | D:2      | Reached skill level 5 in Stealth
  1446 | D:2      | Noticed Natasha
  1466 | D:2      | Killed Natasha
  1559 | D:2      | Noticed Natasha
  1566 | D:2      | Killed Natasha
  1567 | D:2      | Reached XP level 6. HP: 13/30 MP: 7/7
  1847 | D:2      | Found a runed translucent door.
  1848 | D:2      | Noticed Crazy Yiuf
  2308 | D:3      | You are sucked into a shaft and drop 3 floors!
  2308 | D:6      | Found a sparkling altar of Nemelex Xobeh.
  2308 | D:6      | Found an ornate altar of the Wu Jian Council.
  2308 | D:6      | Found a shadowy altar of Dithmenos.
  2310 | D:6      | Found a broken altar of Ashenzari.
  2312 | D:6      | Found a blossoming altar of Fedhas.
  2312 | D:6      | Found a shimmering blue altar of Sif Muna.
  2313 | D:6      | Found a hide-covered altar of Uskayaw.
  2358 | D:5      | Entered Level 5 of the Dungeon
  2425 | D:4      | Found a staircase to the Ecumenical Temple.
  2466 | Temple   | Entered the Ecumenical Temple
  2474 | Temple   | Became a worshipper of Gozag Ym Sagoz the Greedy
  2561 | D:4      | Reached XP level 7. HP: 35/35 MP: 8/8
  2628 | D:4      | Found a glowing drain.
  2652 | D:4      | Found an ancient bone altar of Kikubaaqudgha.
  2664 | Sewer    | Entered a sewer
  3010 | Sewer    | Identified the +6 rapier of the Forest {elec, MP+9 Str-5
                  | Int+2 Dex+3}
  4019 | D:5      | Reached XP level 8. HP: 40/40 MP: 9/9
  4466 | D:6      | Noticed Duvessa
  4475 | D:6      | Noticed Dowan
  4502 | D:6      | Killed Duvessa
  4506 | D:6      | Killed Dowan
  4601 | D:6      | Reached skill level 10 in Ranged Weapons
  5164 | D:7      | Found Hoittang's Distillery.
  5177 | D:7      | Bought a potion of curing for 36 gold pieces
  5177 | D:7      | Bought a potion of curing for 36 gold pieces
  5177 | D:7      | Bought a potion of curing for 36 gold pieces
  5201 | D:7      | Reached XP level 9. HP: 44/44 MP: 10/10
  5499 | D:7      | Reached skill level 5 in Fighting
  5659 | D:7      | Noticed a purple ugly thing
  5725 | D:7      | Killed a purple ugly thing
  6322 | D:8      | Reached XP level 10. HP: 30/55 MP: 11/11
  6971 | D:9      | Identified the +0 ring mail "Earthly Heaven" {-Cast Dex+3}
  7257 | D:9      | Noticed a two-headed ogre
  7265 | D:9      | Killed a two-headed ogre
  7273 | D:9      | Found Qockam's Antique Weapon Shop.
  7614 | D:9      | Bought a translucent sling for 175 gold pieces
  7614 | D:9      | Identified the +8 sling "Baack" {drain, Int+3} (You bought
                  | it in a shop on level 9 of the Dungeon)
  7695 | D:10     | Entered Level 10 of the Dungeon
  7763 | D:10     | Found a staircase to the Orcish Mines.
  7814 | D:10     | Reached XP level 11. HP: 58/58 MP: 12/12
  7867 | D:10     | Found a flagged portal.
  7897 | Bailey   | Entered a bailey
  7933 | Bailey   | Reached skill level 5 in Dodging
  7964 | Bailey   | Noticed an orc knight
  7980 | Bailey   | Killed an orc knight
  8062 | Bailey   | Found a large runed translucent door.
  8062 | Bailey   | Found a large runed translucent door.
  8063 | Bailey   | Noticed a deep elf pyromancer
  8064 | Bailey   | Found the dreamshard necklace {*Dream Drain}
  8181 | Bailey   | Killed a deep elf pyromancer
  8441 | D:10     | Noticed a two-headed ogre
  8452 | D:10     | Killed a two-headed ogre
  8871 | D:11     | Found a staircase to the Lair.
  8904 | D:11     | Noticed a boulder beetle
  8977 | D:11     | Noticed Snorg
  8998 | D:11     | Killed Snorg
  9116 | D:11     | Reached skill level 10 in Stealth
  9205 | D:11     | Killed a boulder beetle
  9854 | D:12     | Found a portal to a secret trove of treasure.
  9975 | D:12     | Noticed a two-headed ogre
  9984 | D:12     | Killed a two-headed ogre
 10004 | D:12     | Noticed Sonja
 10010 | D:12     | Killed Sonja
 10038 | D:12     | Reached skill level 10 in Dodging
 10041 | D:12     | Reached XP level 12. HP: 63/63 MP: 13/13
 10708 | Lair:1   | Entered Level 1 of the Lair of Beasts
 11317 | Lair:2   | Noticed Amaemon
 11355 | Lair:2   | Killed Amaemon
 11680 | Lair:2   | Found a hole to the Spider Nest.
 11691 | Lair:2   | Reached skill level 10 in Fighting
 11839 | Lair:2   | Identified the +1 leather armour of Okawaru, Loving {Int+2}
 12188 | Lair:2   | Found a staircase to the Shoals.
 13326 | Lair:4   | Reached XP level 13. HP: 74/74 MP: 14/14
 13487 | Lair:4   | Found a viscous altar of Jiyva.
 13540 | Lair:4   | Found a staircase to the Slime Pits.
 14141 | Lair:5   | Entered Level 5 of the Lair of Beasts
 16275 | D:13     | Reached skill level 15 in Dodging
 16422 | D:13     | Reached XP level 14. HP: 81/81 MP: 15/15
 16443 | D:13     | Found a gate to the Vaults.
 16467 | D:13     | Found a shimmering altar of Xom.
 16468 | D:13     | Found a shimmering altar of Xom.
 16469 | D:13     | Found a shimmering altar of Xom.
 16476 | D:13     | Found a shimmering altar of Xom.
 16847 | D:14     | Reached skill level 1 in Evocations
 17336 | D:14     | Reached skill level 5 in Evocations
 17887 | D:14     | Noticed Frances
 17907 | D:14     | Killed Frances
 18329 | D:14     | Reached skill level 15 in Stealth
 18471 | D:15     | Entered Level 15 of the Dungeon
 18524 | D:15     | Found a radiant altar of Vehumet.
 18578 | D:15     | Reached skill level 15 in Ranged Weapons
 19047 | D:15     | Noticed Jorgrun
 19099 | D:15     | Killed Jorgrun
 19282 | D:15     | Learned a level 4 spell: Summon Ice Beast
 19324 | D:15     | Found a staircase to the Depths.
 19327 | D:15     | Noticed an emperor scorpion
 19397 | D:15     | Killed an emperor scorpion
 19874 | D:15     | Reached skill level 1 in Summonings
 19874 | D:15     | Reached skill level 1 in Ice Magic
 20326 | D:15     | Reached XP level 15. HP: 64/85 MP: 16/16
 20874 | Shoals:1 | Entered Level 1 of the Shoals
 22280 | Shoals:1 | Found Anutewin's Weapon Emporium.
 23260 | Shoals:2 | Found Imogaem's Antique Weapon Shop.
 23313 | Shoals:2 | Noticed Ilsuiw
 24039 | Shoals:2 | Killed from afar by a wind drake

Illustrated notes

Levels and vault maps discovered:
D:1:      saegor_arrival_simple_c, layout_loops_corners, palyth_stone_intersect,
          nicolae_concentric_dashed_squares_wild, minmay_misc_feat_x,
          minmay_ruptured
D:2:      layout_loops_cross, shapermc_ecumenical_altar_venn,
          grunt_ministairs_9, uniq_sigmund, uniq_natasha,
          uniq_crazy_yiuf_cottage
D:3:      layout_basic, serial_shops, nicolae_shop_pleasant_corner_grove
D:4:      layout_basic, mainiacjoe_overflow_chevrons,
          minmay_temple_entry_purple_smoke, cheibrodos_sewer_entry_drain,
          chequers_serial_rivers_micro_a
D:5:      layout_cave_pools
D:6:      layout_layer_cave, grunt_temple_overflow_open, uniq_duvessa
D:7:      layout_rooms, grunt_ogre_cave, nicolae_stop_n_shop_2,
          hangedman_abyss_or_decor_lesser_grid, minmay_small_thing
D:8:      layout_loops_corners
D:9:      minmay_klotski, layout_rooms, nicolae_inconvenience_store, uniq_harold
D:10:     layout_basic, minmay_orc_entry_guard_dogs, enter_bailey_5
D:11:     nicolae_BIG_FREAKIN_CUBE, layout_basic, uniq_snorg
D:12:     layout_irregular_city, enter_trove_1, uniq_sonja
D:13:     layout_loops_cross, david_vaults_2, serial_glass, glass_columns_a,
          glass_columns_a, kennysheep_minor_cross, xom_shifter_show
D:14:     four-leaf_vault, layout_loops_ring, nicolae_wwwww, uniq_frances
D:15:     hangedman_depths_entry_try_elsewhere_first, layout_basic,
          vehumet_crystals, uniq_jorgrun
Temple:   nicolae_temple_two_arcs
Lair:1:   layout_cellular_growth
Lair:2:   layout_chaotic_city, minmay_shoals_entry_lonely_mermaid,
          spider_nest_entry_funnel_web, columned_hall_lemuel, uniq_amaemon
Lair:3:   layout_gridlike, grunt_megastairs_3
Lair:4:   layout_layer_cave, minmay_slime_entry_oklob_enclosed, disabler_island
Lair:5:   minmay_lair_end_frog_pond, layout_small_grid
Shoals:1: layout_shoals, serial_shops, shop
Shoals:2: layout_shoals, serial_shops, shop, uniq_louise, uniq_ilsuiw

Skill      XL: |  1  2  3  4  5  6  7  8  9 10 11 12 13 14 15 |
---------------+----------------------------------------------+-----
Stealth        | 2 4 5 11 12 15 | 15.0
Dodging        | 3 4 10 15 16 | 16.1
Ranged Weapons | 6 7 8 11 14 16 | 16.9
Fighting       | 2 3 7 11 12 | 12.7
Evocations     | 7 |  7.2
Summonings     | 1 2 |  2.0
Ice Magic      | 1 2 |  2.0

Action                     |  1- 3 |  4- 6 |  7- 9 | 10-12 | 13-15 || total
---------------------------+-------+-------+-------+-------+-------++-------
   Fire: Shortbow          |    72 |   118 |   435 |   137 |       ||   762
         Sling             |       |       |       |   554 |   671 ||  1225
         Arbalest          |       |       |       |       |   397 ||   397
 Invoke: Call Merchant     |       |       |       |     2 |     3 ||     5
    Use: Scroll            |     4 |     4 |    11 |     5 |     7 ||    31
         Potion            |       |     1 |       |     1 |     4 ||     6
 Armour: Robe              |     6 |    11 |    24 |    24 |    53 ||   118
  Dodge: Dodged            |    21 |    46 |   111 |   175 |   524 ||   877
